 Dungeon Crawl Stone Soup version 0.19.5 (webtiles) character file.

1499 Haldmier the Ruffian (level 8, -3/75 HPs)
             Began as a Troll Transmuter on May 5, 2017.
             Was a Believer of Jiyva.
             Slain by Prince Ribbit (9 damage)
             ... while paralysed by Grinder
             ... on level 5 of the Dungeon.
             The game lasted 00:13:28 (4067 turns).

Haldmier the Ruffian (Troll Transmuter)             Turns: 4067, Time: 00:13:29

Health: -3/75      AC:  5    Str: 18    XL:     8   Next: 52%
Magic:  10/10      EV:  1    Int: 11    God:    Jiyva [**....]
Gold:   262        SH:  0    Dex: 11    Spells: 4 memorised, 3 levels left

rFire  . . .     SeeInvis .       - Unarmed
rCold  . . .     Gourm    +     b - +0 robe
rNeg   . . .     Faith    .     (no shield)
rPois  .         Spirit   .     (helmet restricted)
rElec  .         Reflect  .     (no cloak)
rCorr  .         Harm     .     (gloves unavailable)
MR     .....                    (boots unavailable)
Stlth  +.........               (no amulet)
                                (no ring)
                                (no ring)

@: paralysed
A: unfitting armour, claws 3, fast metabolism 3, gourmand, regeneration 1,
shaggy fur 1, tough skin 2
a: Request Jelly, Renounce Religion


You were on level 5 of the Dungeon.
You worshipped Jiyva.
Jiyva was pleased with you.
You were completely stuffed.

You visited 2 branches of the dungeon, and saw 6 of its levels.

You collected 262 gold pieces.

Inventory:

Missiles
 a - 92 arrows
 m - 12 tomahawks (quivered)
Armour
 b - a +0 robe (worn)
Jewellery
 w - a +3 ring of evasion {unknown}
 z - a cursed amulet of inaccuracy {unknown}
Wands
 r - a wand of teleportation (2/9)
 t - a wand of random effects (29/48)
 x - a wand of flame (23/48)
 D - a wand of confusion (21/48)
Scrolls
 e - a scroll of random uselessness {unknown}
 h - 3 scrolls of enchant weapon {unknown}
 k - 6 scrolls of identify {unknown}
 l - a scroll of enchant armour {unknown}
 p - 3 scrolls of remove curse {unknown}
 v - a scroll of blinking {unknown}
 y - a scroll of fog {unknown}
 E - a scroll of recharging {unknown}
 F - a scroll of noise {unknown}
Potions
 f - 3 potions of curing {unknown}
 g - 3 potions of heal wounds
 j - 4 potions of ambrosia {unknown}
 n - a potion of agility
 o - 2 potions of berserk rage {unknown}
 s - 2 potions of degeneration {unknown}
 B - a potion of flight {unknown}
 C - a potion of might {unknown}
Books
 c - a book of Changes

   Spells                             Type                      Level
   a - Beastly Appendage              Transmutation                1
   b - Sticks to Snakes               Transmutation                2
   c - Spider Form                    Transmutation/Poison         3
   d - Ice Form                       Ice/Transmutation            4
   e - Blade Hands                    Transmutation                5
 q - a book of Maledictions

   Spells                             Type                      Level
   a - Corona                         Hexes                        1
   b - Ensorcelled Hibernation        Hexes/Ice                    2
   c - Confuse                        Hexes                        3
   d - Tukima's Dance                 Hexes                        3
   e - Dazzling Spray                 Conjuration/Hexes            3
 A - a book of Minor Magic

   Spells                             Type                      Level
   a - Magic Dart                     Conjuration                  1
   b - Blink                          Translocation                2
   c - Call Imp                       Summoning                    2
   d - Repel Missiles                 Charms/Air                   2
   e - Slow                           Hexes                        2
   f - Conjure Flame                  Conjuration/Fire             3
   g - Mephitic Cloud                 Conjuration/Poison/Air       3
Comestibles
 d - 5 bread rations
 i - 3 meat rations
 u - 5 chunks of flesh


   Skills:
 + Level 3.5 Fighting
 + Level 3.8 Dodging
 * Level 7.3 Unarmed Combat
 + Level 2.5 Spellcasting
 + Level 1.0 Translocations
 - Level 2.9 Transmutations
 - Level 1.0 Ice Magic


You had 3 spell levels left.
You knew the following spells:

 Your Spells              Type           Power        Failure   Level  Hunger
a - Beastly Appendage     Tmut           #.....       10%         1    ##.....
b - Sticks to Snakes      Tmut           #.......     14%         2    ###....
c - Ice Form              Ice/Tmut       #.......     95%         4    #####..
d - Blink                 Tloc           N/A          30%         2    ###....


Dungeon Overview and Level Annotations

Branches:
Dungeon (5/15)             Temple (1/1) D:4

Altars:
Ashenzari
Gozag
Hepliaklqana
Kikubaaqudgha
Makhleb
Okawaru
Qazlal
Ru
Sif Muna
Trog
Uskayaw
Vehumet
Yredelemnul
Zin
The Shining One
Jiyva

Annotations:
D:5 Grinder, Prince Ribbit


Innate Abilities, Weirdness & Mutations

You are too large for most types of armour.
You have claws for hands.
Your metabolism is lightning-fast.
You like to eat raw meat.
Your natural rate of healing is unusually fast.
You are covered in fur. (AC +1)
You have very tough skin. (AC +2)


Message History

Grinder hits you!
You writhe in agony.
* * * LOW HITPOINT WARNING * * *
You take 15 damage, and have 18/75 hp.
You barely miss Grinder.
Grinder is severely wounded.
Grinder blinks!
Prince Ribbit blinks!
Grinder gestures at you.
You suddenly lose the ability to move!
Grinder gestures at you.
You struggle to resist.
Grinder says, "Just stop there for a second..."
You hear a distant slurping noise.
Grinder blinks!
Prince Ribbit hits you!
* * * LOW HITPOINT WARNING * * *
Grinder blinks!
Prince Ribbit hits you!
* * * LOW HITPOINT WARNING * * *
Prince Ribbit hits you!
You die...

.#.........# .#.........#
.#.........# ..
.#.........# .......#
.##.......##########......#
.##.......##§.....##..<...#
.##.......##...>.........##
.###########...........[..#
.............5.§@.##.....!#
................(F##.....##
.......................F..#
...........#......##......#
.##......>.########.......#
.#########.# #$.....## ..#
### ######## ..# ..#


You could see Prince Ribbit and Grinder.

Vanquished Creatures
  The ghost of execc the Conjurer, a novice DECj (D:4)
  A wyvern (D:3)
  Menkaure (D:5)
  Duvessa (D:5)
  The ghost of theElss the Conjurer, an amateur DECj (D:3)
  2 eyes of draining (D:4)
  A phantom (D:4)
  Dowan (D:5)
  A scorpion (D:5)
  A crimson imp (D:4)
  2 hounds
  An iguana (D:4)
  Terence (D:3)
  An orc wizard (D:3)
  3 worker ants (D:4)
  2 gnolls
  10 adders
  2 oozes
  An adder skeleton (D:4)
  A worm (D:2)
  A dart slug (D:1)
  4 leopard geckos
  8 orcs
  5 giant cockroaches
  3 goblins
  7 hobgoblins
  10 jackals
  4 quokkas
  5 ball pythons
  7 bats
  3 frilled lizards
  8 kobolds
  A leopard gecko skeleton (D:4)
  10 rats
111 creatures vanquished.

Vanquished Creatures (others)
  A crimson imp (D:5)
  2 jellies (D:4)
  A howler monkey skeleton (D:5)
  A shadow imp (D:5)
  A worm (D:3)
6 creatures vanquished.

Grand Total: 117 creatures vanquished

Notes
Turn   | Place    | Note
-------+----------+-------------------------------------------
     0 | D:1      | Haldmier the Troll Transmuter began the quest for the Orb.
     0 | D:1      | Reached XP level 1. HP: 18/18 MP: 1/1
    82 | D:1      | Reached skill level 1 in Fighting
   169 | D:1      | Reached XP level 2. HP: 27/27 MP: 3/3
   657 | D:1      | Reached XP level 3. HP: 25/33 MP: 4/4
   661 | D:1      | Learned a level 2 spell: Sticks to Snakes
   928 | D:2      | Found a sacrificial altar of Ru.
  1028 | D:2      | Found a stormy altar of Qazlal.
  1030 | D:2      | Noticed a fire elemental
  1192 | D:2      | Reached XP level 4. HP: 35/41 MP: 5/5
  1212 | D:2      | Found a basalt altar of Yredelemnul.
  1444 | D:2      | Noticed a water elemental
  1446 | D:2      | Noticed an earth elemental
  1446 | D:2      | Noticed an air elemental
  1536 | D:3      | Noticed Terence
  1549 | D:3      | Killed Terence
  1549 | D:3      | Reached skill level 4 in Unarmed Combat
  1701 | D:3      | Noticed theElss's ghost (amateur DECj)
  1716 | D:3      | Killed theElss's ghost
  1716 | D:3      | Reached XP level 5. HP: 38/49 MP: 4/6
  1786 | D:3      | Noticed a wyvern
  1840 | D:4      | Found a shattered altar of Ashenzari.
  1954 | D:4      | Reached XP level 6. HP: 50/57 MP: 5/7
  1998 | D:4      | Noticed execc's ghost (novice DECj)
  2012 | D:4      | Killed execc's ghost
  2012 | D:4      | Reached skill level 5 in Unarmed Combat
  2018 | D:4      | Learned a level 4 spell: Ice Form
  2040 | D:4      | Found a burning altar of Makhleb.
  2049 | D:4      | Reached XP level 7. HP: 53/65 MP: 7/9
  2165 | D:4      | Found a bloodstained altar of Trog.
  2171 | D:4      | Reached skill level 1 in Ice Magic
  2265 | D:4      | Found a staircase to the Ecumenical Temple.
  2289 | Temple   | Entered the Ecumenical Temple
  2439 | Temple   | Became a worshipper of Jiyva Jipt the Shapeless
  2759 | D:4      | Reached skill level 6 in Unarmed Combat
  3492 | D:3      | Reached * piety under Jiyva
  3506 | D:3      | Killed a wyvern
  3506 | D:3      | Reached XP level 8. HP: 53/75 MP: 10/10
  3617 | D:3      | Found a hazy altar of Hepliaklqana.
  3738 | D:4      | Learned a level 2 spell: Blink
  3739 | D:5      | Entered Level 5 of the Dungeon
  3739 | D:5      | Noticed Menkaure
  3876 | D:5      | Killed Menkaure
  3882 | D:5      | Noticed Dowan
  3883 | D:5      | Noticed Duvessa
  3893 | D:5      | Killed Duvessa
  3893 | D:5      | Reached skill level 7 in Unarmed Combat
  3899 | D:5      | Killed Dowan
  3996 | D:5      | Reached skill level 1 in Translocations
  3999 | D:5      | Reached ** piety under Jiyva
  4034 | D:5      | Noticed Grinder
  4035 | D:5      | Noticed Prince Ribbit
  4062 | D:5      | Paralysed by Grinder for 7 turns
  4067 | D:5      | Slain by Prince Ribbit

Skill      XL: |  1  2  3  4  5  6  7  8 |
---------------+-------------------------+-----
Fighting       | 1 2 3 |  3.5
Dodging        | 2 3 |  3.8
Unarmed Combat | 4 5 6 7 |  7.3
Transmutations | 2 |  2.9
Spellcasting   | 2 |  2.5
Ice Magic      | 1 |  1.0
Translocations | 1 |  1.0

Action                   |  1- 3 |  4- 6 |  7- 9 || total
-------------------------+-------+-------+-------++-------
Melee: Unarmed           |   124 |    76 |   197 ||   397
       Punch             |     1 |     1 |     2 ||     4
       Headbutt          |       |     4 |     3 ||     7
       Kick              |       |     4 |     5 ||     9
 Cast: Beastly Appendage |       |     6 |     2 ||     8
       Sticks to Snakes  |       |     1 |       ||     1
  Eat: Chunk             |    16 |     9 |    18 ||    43
Armor: Robe              |    63 |    16 |    57 ||   136
Dodge: Dodged            |    51 |    35 |    91 ||   177
